 Dungeon Crawl Stone Soup version 0.31-a0-986-g5e6e4ef867 (webtiles) character file.

Game seed: 5950000391754898862

33 AppTheSpectato the Poker (level 3, -1/34 HPs)
             Began as a Minotaur Berserker on Nov 9, 2023.
             Was a Believer of Trog.
             Slain by a gnoll
             ... wielding a +0 halberd
              (14 damage)
             ... on level 2 of the Dungeon.
             The game lasted 00:01:16 (880 turns).

AppTheSpectato the Poker (Minotaur Berserker)        Turns: 880, Time: 00:01:18

Health: -1/34      AC:  2    Str: 23    XL:     3   Next: 12%
Magic:  2/2        EV: 12    Int:  4    God:    Trog [**....]
Gold:   61         SH:  0    Dex:  9    Spells: 2/2 levels left

rFire   . . .        a - +0 spear
rCold   . . .        (no shield)
rNeg    . . .        b - +0 animal skin
rPois   .            (helmet restricted)
rElec   .            (no cloak)
rCorr   .            (no gloves)
SInv    .            (no boots)
Will    .....        (no amulet)
Stlth   +            (no ring)
HPRegen 0.25/turn    (no ring)
MPRegen 0.08/turn

%: no passive effects
@: no status effects
A: horns 2, retaliatory headbutt
a: Renounce Religion, Berserk, Trog's Hand


You were on level 2 of the Dungeon.
You worshipped Trog.
Trog was pleased with you.
You visited 1 branch of the dungeon, and saw 2 of its levels.

You collected 61 gold pieces.

Inventory:

Hand Weapons
 a - a +0 spear (weapon)
Armour
 b - a +0 animal skin (worn)
Scrolls
 c - a scroll of enchant weapon {unknown}
 f - a scroll of immolation {unknown}
 j - a scroll of identify
 k - a scroll of poison {unknown}
Potions
 d - a potion of brilliance {unknown}
 e - a potion of heal wounds {unknown}
 g - 2 potions of ambrosia
 h - a potion of might {unknown}
 i - a potion of resistance {unknown}


   Skills:
 + Level 4.4 Fighting
 + Level 4.5 Polearms
 - Level 2.4 Armour
 - Level 2.1 Dodging


You had 2 spell levels left.
You didn't know any spells.
Your spell library was empty.

Dungeon Overview and Level Annotations

Branches:
Dungeon (2/15)

Altars:
Gozag


Innate Abilities, Weirdness & Mutations

You have a pair of horns on your head.
You reflexively headbutt those who attack you in melee.


Message History

The hobgoblin is severely wounded.
The hobgoblin hits you but does no damage.
A hobgoblin is nearby!
You hit the hobgoblin.
You kill the hobgoblin!
Trog accepts your kill.
No target in view!
No target in view!
Found 4 stones.
The ball python hisses angrily.
The orc shouts!
You open the door.
Found a ring mail.
There is an open door here.
A gnoll comes into view. It is wielding a +0 halberd.
The gnoll shouts!
A gnoll is nearby!
A gnoll comes into view. It is wielding a +0 whip.
An adder comes into view.
The gnoll hits you from afar with a +0 halberd!
You reach to attack!
The adder hisses angrily.
You hit the gnoll.
The gnoll is moderately wounded.
The gnoll hits you from afar with a +0 halberd!
You are too injured to fight recklessly!
You are too injured to fight recklessly!
You are too injured to fight recklessly!
You are too injured to fight recklessly!
Reach: a) +0 spear
Press: ? - help, Dir - move target, f/p - gnoll
Aim: a gnoll, wielding a +0 halberd (moderately wounded, about 35% to evade your +0 spear)
You reach to attack!
You hit the gnoll.
The gnoll is heavily wounded.
Reach: a) +0 spear
Press: ? - help, Dir - move target, f/p - gnoll
Aim: a gnoll, wielding a +0 halberd (heavily wounded, about 35% to evade your +0 spear)
You reach to attack!
You barely miss the gnoll.
The gnoll is heavily wounded.
The gnoll hits you from afar with a +0 halberd!
You die...

###...########.######
wr##....# #.# #.$S
##...# #># #$. #...#
#.# ### #...# ..#
##'## ... #..# ###
#.## #@# #.# .g# ###g
. S. .# .# ##


You could see 2 gnolls and an adder.

Vanquished Creatures
  A dart slug (D:1)
  4 ball pythons
  6 endoplasms
  A giant cockroach (D:1)
  3 goblins (D:1)
  4 hobgoblins
  4 kobolds
  A quokka (D:1)
  3 rats
27 creatures vanquished.

Notes
Turn   | Place    | Note
-------+----------+-------------------------------------------
     0 | D:1      | AppTheSpectato the Minotaur Berserker began the quest for
                  | the Orb.
     0 | D:1      | Reached XP level 1. HP: 19/19 MP: 0/0
   100 | D:1      | Reached XP level 2. HP: 27/27 MP: 1/1
   243 | D:1      | Found a faded altar of an unknown god.
   691 | D:2      | Found an opulent altar of Gozag.
   719 | D:2      | Reached XP level 3. HP: 34/34 MP: 2/2
   857 | D:2      | Reached ** piety under Trog
   880 | D:2      | Slain by a gnoll

Illustrated notes

Levels and vault maps discovered:
D:1:      sevenhm_arrival_forest_fort_small_4, layout_rooms,
          ebering_ecumenical_altar_box, minmay_tetromino_s4
D:2:      layout_loops_ring, basic_altar, lightli_corner_chamber

Skill      XL: |  1 |
---------------+----+-----
Fighting       | 4 |  4.4
Polearms       | 4 |  4.5
Armour         | |  2.4
Dodging        | |  2.1

Action                     || total
---------------------------++-------
  Melee: Spear             ||    69
         Headbutt          ||    10
    Use: Scroll            ||     1
 Armour: Animal skin       ||    12
  Dodge: Dodged            ||    18

Table legend: (Time is in decaauts)
 A = Elapsed time spent in this place.
 B = Non-inter-level travel time spent in this place.
 C = Inter-level travel time spent in this place.
 D = Time resting spent in this place.
 E = Time spent auto-exploring this place.
 F = Levels seen in this place.
 G = Mean time per level.
                   A        B        C        D        E       F      G
               +--------+--------+--------+--------+--------+-----+--------+
         Total |    872 |    820 |     52 |      0 |    678 |   2 |  436.0 |
       Dungeon |    872 |    820 |     52 |      0 |    678 |   2 |  436.0 |
               +--------+--------+--------+--------+--------+-----+--------+

Top non-repeatable levels by time:
     D:1: 555 daAuts
     D:2: 316 daAuts
